Map: Ascension to Aiur LE

Players

ShoWTimE

  • Race: Protoss Protoss
  • Spawn Location: 11:00

ByuN - Winner!

  • Race: Terran Terran
  • Spawn Location: 5:00

Event: HomeStory Cup XV

VOD

Have the link to the VOD?

Description

Time

  • Played on: July 22, 2017, 7:58 a.m.
  • Length: 13:39

All games in this series

Show
View Real Time Build Order
Export as new Build Order

ShoWTimE Protoss 

Build Orders: 1 Gate Expand, Oracle Opening 

Get SALT Encoding   

  12  0:00  Probe (Chrono Boost)  
  13  0:11  Probe (Chrono Boost)  
  14  0:17  Pylon  
  14  0:22  Probe (Chrono Boost)  
  15  0:36  Probe (Chrono Boost)  
  15  0:37  Gateway  
  16  0:43  Assimilator  
  16  0:46  Probe (Chrono Boost)  
  18  0:57  Probe (Chrono Boost)  
  18  1:07  Probe (Chrono Boost)  
  19  1:21  Nexus  
  19  1:31  Cybernetics Core  
  19  1:34  Probe (Chrono Boost)  
  19  1:39  Assimilator  
  20  1:45  Probe (Chrono Boost)  
  21  1:51  Pylon  
  21  1:55  Probe (Chrono Boost)  
  22  2:06  Probe (Chrono Boost)  
  23  2:09  Warp Gate, Adept (Chrono Boost)  
  25  2:18  Probe  
  26  2:26  Stargate  
  26  2:30  Probe  
  26  2:33  Adept (Chrono Boost)  
  26  2:34  Probe  
  30  2:42  Probe  
  30  2:44  Probe  
  31  2:54  Probe  
  31  2:55  Probe  
  33  3:06  Probe, Gateway  
  33  3:07  Probe  
  33  3:08  Gateway  
  35  3:15  Oracle (Chrono Boost)  
  35  3:19  Probe x2  
  39  3:26  Pylon  
  40  3:29  Probe  
  40  3:31  Probe  
  42  3:40  Probe  
  42  3:43  Probe  
  42  3:47  Oracle (Chrono Boost)  
  47  3:50  Probe  
  48  3:59  Nexus  
  48  4:02  Mothership Core  
  48  4:03  Pylon  
  48  4:07  Probe  
  47  4:20  Probe, Phoenix (Chrono Boost)  
  47  4:22  Probe  
  51  4:25  Assimilator  
  51  4:29  Assimilator  
  51  4:32  Probe x2, Pylon  
  53  4:43  Probe  
  53  4:44  Probe, Adept  
  53  4:45  Adept x2  
  61  4:50  Phoenix (Chrono Boost)  
  63  4:53  Probe  
  63  4:56  Probe  
  65  5:06  Stalker x2  
  69  5:08  Probe  
  69  5:09  Probe  
  69  5:10  Probe  
  69  5:11  Stalker  
  68  5:18  Probe  
  68  5:19  Twilight Council  
  68  5:21  Probe x2  
  69  5:26  Forge  
  71  5:29  Probe, Adept  
  71  5:34  Probe x2  
  76  5:40  Probe  
  76  5:41  Phoenix (Chrono Boost)  
  79  5:44  Probe  
  79  5:49  Probe  
  81  5:50  Probe  
  81  5:55  Resonating Glaives  
  83  5:59  Pylon  
  83  6:01  Probe x2  
  83  6:03  Protoss Ground Weapons Level 1 (Chrono Boost)  
  85  6:09  Gateway  
  84  6:12  Gateway  
  84  6:13  Pylon  
  84  6:17  Gateway  
  84  6:19  Sentry x2  
  84  6:20  Pylon  
  88  6:28  Sentry  
  88  6:30  Phoenix  
  92  6:35  Probe  
  92  6:36  Probe  
  92  6:38  Gateway x2  
  94  6:42  Probe  
  94  6:45  Pylon  
  95  6:47  Pylon  
  95  6:50  Probe  
  95  6:51  Probe  
  95  6:53  Photon Cannon  
  97  6:55  Phoenix  
  97  6:58  Probe  
  100  7:02  Adept x3  
  100  7:03  Probe  
  100  7:05  Adept  
  100  7:06  Probe  
  110  7:10  Pylon, Adept  
  114  7:20  Phoenix  
  114  7:21  Adept  
  116  7:26  Pylon  
  116  7:32  Adept x3  
  116  7:36  Pylon  
  122  7:40  Pylon  
  122  7:44  Sentry, Adept x2  
  122  7:45  Phoenix  
  130  7:51  Adept  
  130  7:54  Pylon  
  130  7:55  Adept x3  
  130  7:56  Pylon  
  130  7:57  Adept  
  140  8:02  Pylon  
  140  8:03  Protoss Ground Armor Level 1 (Chrono Boost), Pylon  
  136  8:13  Adept x4  
  144  8:20  Probe, Blink (Chrono Boost)  
  144  8:22  Probe  
  146  8:31  Adept x3  
  148  8:38  Adept x4  
  156  8:46  Adept  
  126  8:48  Phoenix  
  118  8:59  Robotics Facility  
  118  9:06  Adept x7  
  118  9:08  Adept  
  131  9:10  Probe  
  131  9:11  Probe  
  131  9:12  Assimilator  
  131  9:13  Phoenix, Assimilator  
  105  9:28  Protoss Ground Weapons Level 2 (Chrono Boost)  
  91  9:34  Adept x8  
  107  9:49  Observer  
  106  9:53  Pylon  
  106  9:55  Nexus  
  106  9:56  Robotics Bay  
  106  10:04  Sentry, Adept  
  106  10:05  Adept x2  
  114  10:08  Warp Prism  
  114  10:10  Adept x3  
  121  10:29  Adept x4  
  121  10:30  Adept x2  
  121  10:35  Adept x2  
  137  10:45  Disruptor  
  137  10:52  Robotics Facility  
  140  11:02  Stalker x6  
  152  11:09  Adept x2  
  156  11:12  Probe x3  
  156  11:16  Disruptor  
  159  11:19  Pylon  
  162  11:31  Adept x4  
  170  11:34  Pylon  
  170  11:35  Pylon  
  170  11:40  Disruptor  
  170  11:46  Adept x4  
  169  12:00  Disruptor  
  157  12:02  Adept x4  
  153  12:16  Adept x4  
  151  12:27  Adept x4  
  117  12:30  Colossus  
  103  12:46  Adept x3  
  107  12:53  Adept  
  107  12:54  Adept x4  
  109  13:00  Phoenix  
  100  13:15  Stalker x5  
  106  13:20  Stalker  
  106  13:26  Stalker x2  
Show
View Real Time Build Order
Export as new Build Order

ByuN Terran - Winner!

Build Orders: Reaper Expand, MMM Bio 

Get SALT Encoding   

  12  0:00  SCV  
  13  0:12  SCV  
  14  0:17  Supply Depot  
  14  0:24  SCV  
  14  0:28  Refinery  
  15  0:39  SCV  
  16  0:44  Barracks  
  16  0:51  SCV  
  17  1:03  SCV  
  18  1:15  SCV  
  19  1:30  Orbital Command  
  19  1:31  Reaper  
  20  1:45  Command Center  
  20  1:57  Factory  
  20  2:00  SCV  
  21  2:05  Barracks Reactor  
  21  2:10  Refinery  
  21  2:12  SCV  
  22  2:17  Supply Depot  
  22  2:26  SCV  
  23  2:38  SCV  
  23  2:41  Widow Mine  
  23  2:43  Starport  
  26  2:46  Marine x2  
  26  2:50  SCV  
  29  3:02  SCV  
  29  3:04  Marine  
  31  3:06  Marine  
  31  3:07  Orbital Command  
  31  3:10  Widow Mine  
  34  3:15  SCV  
  35  3:21  Marine  
  35  3:24  Marine, Medivac  
  39  3:34  SCV  
  40  3:35  SCV  
  40  3:38  Supply Depot  
  41  3:43  Marine x2  
  41  3:46  Cyclone  
  46  4:00  SCV x2, Marine, Supply Depot  
  46  4:01  Marine  
  50  4:04  Viking  
  52  4:12  SCV x2  
  53  4:23  Barracks x2  
  54  4:24  SCV  
  54  4:26  Factory Reactor  
  54  4:27  SCV  
  55  4:33  Barracks Tech Lab  
  55  4:36  Starport Reactor  
  55  4:37  SCV  
  56  4:39  SCV  
  56  4:40  Engineering Bay  
  57  4:49  SCV  
  57  4:51  SCV, Refinery  
  57  4:52  Marine  
  59  4:54  Stimpack, Supply Depot  
  60  5:01  SCV  
  60  5:03  SCV  
  60  5:10  Marine  
  60  5:13  SCV  
  60  5:14  Factory Reactor  
  62  5:15  SCV, Medivac x2  
  62  5:16  Supply Depot  
  62  5:19  Marine  
  62  5:20  Supply Depot  
  62  5:21  Marine x2  
  70  5:24  Terran Infantry Weapons Level 1  
  70  5:29  SCV x2  
  70  5:36  Supply Depot  
  70  5:38  Marine x4, Supply Depot  
  70  5:39  Marine  
  75  5:45  Liberator  
  75  5:48  Liberator  
  74  5:51  Widow Mine  
  74  5:55  Marine x3  
  74  5:56  Marine x2  
  89  6:11  Supply Depot  
  89  6:13  Marine x2  
  89  6:14  Marine  
  89  6:15  Marauder  
  89  6:18  Widow Mine  
  92  6:19  Widow Mine  
  92  6:21  Marine  
  97  6:30  Command Center  
  97  6:31  Marine x2  
  97  6:32  Marine  
  100  6:37  Marauder  
  102  6:40  Marine, Supply Depot  
  103  6:49  Marine x2  
  103  6:50  Marine  
  103  6:54  Combat Shields  
  103  6:57  Marine  
  103  6:58  Widow Mine x2  
  109  7:01  Liberator, SCV  
  109  7:02  Refinery  
  109  7:03  SCV  
  109  7:06  Barracks, Supply Depot  
  109  7:07  Barracks  
  110  7:10  Liberator  
  110  7:12  Marine x2  
  110  7:13  Marine x2  
  117  7:26  Supply Depot  
  120  7:32  SCV x2  
  120  7:35  Marauder, Marine  
  120  7:36  Marine x3  
  123  7:44  SCV x2  
  123  7:48  Widow Mine x2  
  123  7:49  Orbital Command  
  128  7:51  Missile Turret  
  128  7:53  Terran Infantry Armor Level 1, Marine  
  128  7:56  Liberator, SCV x2  
  128  7:57  Liberator  
  131  8:00  Marine x3  
  134  8:06  Marauder  
  134  8:08  SCV  
  132  8:13  Concussive Shells  
  132  8:15  Barracks Tech Lab  
  132  8:17  SCV  
  132  8:18  SCV  
  139  8:20  SCV  
  139  8:21  Marine x3  
  139  8:22  Barracks Tech Lab  
  139  8:25  Supply Depot  
  143  8:32  SCV x2  
  140  8:35  Marauder  
  140  8:38  Marine x2  
  140  8:39  Marine x2  
  140  8:40  Widow Mine x2  
  124  8:49  Marauder  
  124  8:50  Marine  
  105  8:56  Marauder, Marine x2  
  105  8:57  Marine  
  105  9:00  Marine  
  105  9:01  Medivac  
  105  9:02  Medivac  
  110  9:05  Missile Turret  
  110  9:06  Bunker  
  110  9:07  Marine  
  110  9:08  Widow Mine  
  110  9:09  Widow Mine  
  108  9:10  Marauder  
  108  9:11  SCV x2  
  108  9:13  Marine  
  108  9:14  Marine x2  
  115  9:17  Marine x2  
  105  9:25  Marine  
  101  9:31  Marauder, Marine  
  101  9:32  Marauder, Marine, Armory  
  101  9:33  Engineering Bay, Supply Depot  
  101  9:34  Refinery  
  101  9:35  Marauder, Marine, Refinery  
  101  9:37  SCV x2  
  101  9:38  SCV  
  113  9:43  Marine  
  112  9:48  Medivac  
  112  9:49  Marine, Medivac  
  112  9:50  Marine  
  118  9:53  Marauder x2, Marine  
  118  9:57  Marauder  
  118  9:58  SCV x2  
  118  9:59  SCV  
  128  10:01  Marine  
  129  10:07  Marine  
  129  10:08  Marine  
  129  10:11  Marine  
  129  10:12  Liberator x2  
  134  10:14  Marauder  
  134  10:15  Marauder  
  134  10:18  Marauder  
  134  10:19  Marine  
  139  10:24  Command Center  
  139  10:25  Marine  
  139  10:26  Marine  
  134  10:29  Marine  
  143  10:36  Marauder x2  
  143  10:37  Marine  
  143  10:38  Terran Infantry Weapons Level 2  
  143  10:39  Marauder  
  148  10:42  Marine  
  148  10:44  Marine  
  148  10:45  Terran Infantry Armor Level 2  
  148  10:49  Supply Depot x2  
  150  10:52  Marine  
  150  10:54  Marine  
  150  10:55  Liberator  
  151  10:57  Marauder x2  
  151  11:00  Marine  
  151  11:01  Marauder, Marine  
  151  11:03  Liberator  
  157  11:05  Widow Mine x2  
  157  11:10  Marine  
  162  11:12  Marine  
  168  11:18  Marauder, Marine x2  
  168  11:19  Supply Depot x2  
  173  11:31  Marauder, Marine  
  173  11:32  Marine  
  176  11:37  Marauder, Planetary Fortress, Liberator  
  176  11:39  Missile Turret  
  180  11:40  Marauder  
  176  11:56  Marauder, Marine x4  
  176  11:58  Marauder, Widow Mine  
  176  11:59  Widow Mine  
  169  12:01  Marauder  
  160  12:14  Marine x4  
  155  12:17  Marauder  
  155  12:19  Marauder  
  157  12:22  Marauder  
  157  12:27  Widow Mine  
  139  12:32  Marine x2  
  132  12:39  Marauder  
  132  12:41  Marauder  
  132  12:43  Marine  
  134  12:44  Marauder  
  134  12:48  Marine  
  134  12:49  Marine, Widow Mine  
  129  13:00  Marauder, Marine  
  129  13:01  Marine  
  129  13:02  Marauder  
  129  13:05  Marauder  
  133  13:06  Marine  
  133  13:07  Marine  
  129  13:18  Marine  
  131  13:29  Barracks  
  131  13:30  Barracks  
  131  13:32  Barracks  
Tags
 
Add a new tag
Caveats
  • Supply blocks, unpowered buildings, or Contaminate may cause inaccurate times.
  • Supply counts are checked every 10 seconds.